 Dungeon Crawl Stone Soup version 0.22.1 (webtiles) character file.

59 Bugsquash the Insei (level 4, 0/28 HPs)
             Began as an Octopode Transmuter on Sept 17, 2018.
             Slain by a gnoll
             ... wielding a cursed -3 spear
              (3 damage)
             ... on level 2 of the Dungeon.
             The game lasted 00:02:06 (1138 turns).

Bugsquash the Insei (Octopode Transmuter)           Turns: 1138, Time: 00:02:07

Health: 0/28       AC:  1    Str: 10    XL:     4   Next: 3%
Magic:  5/7        EV: 13    Int: 15    God:
Gold:   47         SH:  0    Dex: 12    Spells: 6/7 levels left

rFire    . . .     SeeInvis .   d - +2 whip (venom)
rCold    . . .     Gourm    .   (no shield)
rNeg     . . .     Faith    .   (helmet restricted)
rPois    .         Spirit   .   (no amulet)
rElec    .         Reflect  .   (no ring)
rCorr    .         Harm     .   (no ring)
MR       .....                  (no ring)
Stlth    ++........             (no ring)
HPRegen  0.09/turn              (no ring)
MPRegen  0.10/turn              (no ring)
                                (no ring)
                                (no ring)

@: appendage
A: almost no armour, stealthy swim, amphibious, 8 rings, constrict 8, tentacle
spike 3, camouflage 1, gelatinous body 1
a: End Transformation


You were on level 2 of the Dungeon.
You were not hungry.
One of your tentacles had a temporary spike.
You visited 1 branch of the dungeon, and saw 2 of its levels.

You collected 47 gold pieces.

Inventory:

Hand Weapons
 d - a +2 whip of venom (weapon)
Missiles
 a - 27 arrows
Scrolls
 b - a scroll of identify {unknown}
 e - a scroll of fear {unknown}
 j - a scroll of enchant armour {unknown}
Potions
 g - a potion of resistance {unknown}
 h - a potion of might {unknown}
 i - 2 potions of curing {unknown}
Comestibles
 c - a ration
 f - 2 chunks of flesh


   Skills:
 + Level 1.4 Fighting
 + Level 1.4 Maces & Flails
 + Level 2.0 Dodging
 + Level 0.4 Stealth
 + Level 3.4 Unarmed Combat
 + Level 2.3 Spellcasting
 + Level 2.5 Transmutations


You had 6 spell levels left.
You knew the following spells:

 Your Spells              Type           Power        Failure   Level  Hunger
a - Beastly Appendage     Tmut           #.....       8%          1    #......

Your spell library contained the following spells:

 Spells                   Type           Power        Failure   Level  Hunger
 Sticks to Snakes         Tmut           #.......     12%         2    ###....
 Spider Form              Tmut/Pois      #.........   36%         3    ###....
 Ice Form                 Ice/Tmut       #.......     77%         4    #####..
 Blade Hands              Tmut           #.........   91%         5    ######.


Dungeon Overview and Level Annotations

Branches:
Dungeon (2/15)

Altars:


Innate Abilities, Weirdness & Mutations

You cannot wear most types of armour.
You are very stealthy in the water. (Stealth+)
You are amphibious.
You can wear up to eight rings at the same time.
You can use your tentacles to constrict eight enemies at once.
Your skin changes colour to match your surroundings (Stealth+).
Your rubbery body absorbs attacks. (AC +1, EV +1)
One of your tentacles bears a large vicious spike.


Message History

You hit the gnoll.
The gnoll is poisoned.
Your grab misses the gnoll.
The gnoll is lightly wounded.
The gnoll barely misses you. The gnoll hits you but does no damage.
You hit the gnoll.
The gnoll looks as sick as possible!
You grab the gnoll.
You squeeze the gnoll, but do no damage.
The gnoll is heavily wounded.
You constrict the gnoll.
You kill the gnoll!
You have reached level 4!
The gnoll hits you from afar with a spear.
* * * LOW HITPOINT WARNING * * *
The gnoll hits you with a spear.
* * * LOW HITPOINT WARNING * * *
Things that are here:
a spear; a gnoll corpse You hit the gnoll.
You grab the gnoll.
You pierce the gnoll.
You squeeze the gnoll!
The gnoll is almost dead.
You constrict the gnoll. The gnoll hits you with a spear.
You die...

## .# .# .# #####
#####.#.### #...#
#..)@g....#
####...#####.###.#.#.#
#..'...'...#.# .#
##.##...###.#.# .#
...########.#.# .#
.####.........# ## .#
#.####..#.....#
.####...[.....#...#
.+.#<.รท..#....#####


You could see a gnoll.

Vanquished Creatures
  3 gnolls (D:2)
  An adder (D:2)
  A leopard gecko (D:1)
  A giant cockroach (D:1)
  2 goblins (D:1)
  3 hobgoblins (D:1)
  3 bats (D:1)
  3 frilled lizards
  3 kobolds (D:1)
  2 rats
22 creatures vanquished.

Notes
Turn   | Place    | Note
-------+----------+-------------------------------------------
     0 | D:1      | Bugsquash the Octopode Transmuter began the quest for the
                  | Orb.
     0 | D:1      | Reached XP level 1. HP: 13/13 MP: 3/3
   146 | D:1      | Reached XP level 2. HP: 3/18 MP: 3/5
   979 | D:2      | Found a faded altar of an unknown god.
  1003 | D:2      | Reached skill level 1 in Maces & Flails
  1003 | D:2      | Reached XP level 3. HP: 18/23 MP: 4/6
  1136 | D:2      | Reached XP level 4. HP: 14/28 MP: 5/7
  1138 | D:2      | Slain by a gnoll

Skill      XL: |  1  2 |
---------------+-------+-----
Maces & Flails | 1 |  1.4
Fighting       | |  1.4
Dodging        | |  2.0
Stealth        | |  0.4
Unarmed Combat | |  3.4
Spellcasting   | |  2.3
Transmutations | |  2.5

Action                   |  1- 3 |  4- 6 || total
-------------------------+-------+-------++-------
Melee: Whip              |    36 |     1 ||    37
       Constrict         |    11 |     1 ||    12
       Unarmed           |     3 |       ||     3
       Kick              |     5 |     1 ||     6
       Tentacles         |     4 |     1 ||     5
 Cast: Beastly Appendage |    11 |       ||    11
 Stab: Sleeping          |     1 |       ||     1
  Eat: Chunk             |     1 |       ||     1
Armor: Skin              |     4 |       ||     4
Dodge: Dodged            |    29 |       ||    29
